 Dungeon Crawl Stone Soup version 0.20.1 (webtiles) character file.

288 KleinerIrrer the Ducker (level 6, -2/57 HPs)
             Began as an Octopode Transmuter on July 2, 2017.
             Slain by an orc
             ... wielding a +0 whip
              (4 damage)
             ... on level 4 of the Dungeon.
             The game lasted 00:06:51 (3718 turns).

KleinerIrrer the Ducker (Octopode Transmuter)       Turns: 3718, Time: 00:06:52

Health: -2/57      AC: 23    Str: 10    XL:     6   Next: 31%
Magic:  9/9        EV:  2    Int: 20    God:
Gold:   156        SH:  0    Dex: 14    Spells: 2/9 levels left

rFire    . . .     SeeInvis .   j - +2 short sword (speed)
rCold    . . .     Gourm    .   (no shield)
rNeg     + + +     Faith    .   (helmet currently unavailable)
rPois    +         Spirit   .   (no amulet)
rElec    .         Reflect  .   (no ring)
rCorr    .         Harm     .   (no ring)
MR       .....     NoTele   +   (no ring)
Stlth    +.........             (no ring)
Regen    0.2/turn               (no ring)
MPRegen  0.2/turn               (no ring)
                                (no ring)
                                (no ring)

@: brilliant, tree-form
A: almost no armour, stealthy swim, (amphibious), 8 rings, (constrict 8)
a: no special abilities


You were on level 4 of the Dungeon.
You were not hungry.
You were a tree.
You visited 1 branch of the dungeon, and saw 4 of its levels.

You collected 156 gold pieces.

Inventory:

Hand Weapons
 j - a +2 short sword of speed (weapon)
 m - a cursed -1 short sword
 v - a +4 mace
Missiles
 a - 26 arrows
Jewellery
 n - a +4 ring of intelligence {unknown}
Wands
 t - a wand of lightning (9/15)
Scrolls
 i - 3 scrolls of teleportation
 p - a scroll of noise {unknown}
 q - a scroll of identify
 u - 2 scrolls of amnesia {unknown}
Potions
 d - a potion of resistance {unknown}
 e - 3 potions of brilliance
 g - a potion of magic {unknown}
 k - a potion of degeneration {unknown}
 l - a potion of curing {unknown}
 s - a potion of lignification
Books
 b - a book of Changes

   Spells                             Type                      Level
   a - Beastly Appendage              Transmutation                1
   b - Sticks to Snakes               Transmutation                2
   c - Spider Form                    Transmutation/Poison         3
   d - Ice Form                       Ice/Transmutation            4
   e - Blade Hands                    Transmutation                5
Comestibles
 c - 3 bread rations
 h - a royal jelly
 o - 2 meat rations
 r - a chunk of flesh


   Skills:
 - Level 1.0 Fighting
 + Level 5.3 Dodging
 - Level 4.6 Unarmed Combat
 - Level 2.0 Spellcasting
 - Level 2.0 Transmutations


You had 2 spell levels left.
You knew the following spells:

 Your Spells              Type           Power        Failure   Level  Hunger
a - Beastly Appendage     Tmut           ###...       1%          1    #......
b - Sticks to Snakes      Tmut           ###.....     1%          2    ##.....
c - Ice Form              Ice/Tmut       ###.....     12%         4    #####..


Dungeon Overview and Level Annotations

Branches:
Dungeon (4/15)
 Temple: D:4-7

Altars:


Innate Abilities, Weirdness & Mutations

You cannot wear most types of armour.
You are very stealthy in the water. (Stealth+)
((You are amphibious.))
You can wear up to eight rings at the same time.
((You can use your tentacles to constrict eight enemies at once.))
((Your skin changes colour to match your surroundings (Stealth+).))
((Your rubbery body absorbs attacks. (AC +1, EV +1)))


Message History

The orc hits you with a dagger.
* * * LOW HITPOINT WARNING * * *
You hit the ogre.
Your tentacle-slap misses the ogre.
The ogre is almost dead.
The orc hits you but does no damage. The ogre closely misses you.
You hit the ogre.
You kill the ogre!
Your Dodging skill increases to level 5!
You have reached level 6!
Your experience leads to an increase in your attributes!
Increase (S)trength, (I)ntelligence, or (D)exterity?
You feel agile. The orc completely misses you. The orc hits you with a whip!
* * * LOW HITPOINT WARNING * * *
It was a potion of lignification.
You turn into a tree.
Your roots penetrate the ground.
The orc hits you but does no damage. x3
It was a potion of brilliance.
You feel clever all of a sudden. The orc hits you but does no damage.
The orc hits you with a whip.
You die...

# ########.####
####oo♣)........
.....ooo.<.......
.......l####.....
......... #..
...##..#. ## ##.
.# #. .. #. ..


You could see an orc priest, 4 orcs and a leopard gecko.

Vanquished Creatures
  An ogre (D:4)
  An orc priest (D:3)
  An orc wizard (D:3)
  5 adders
  An ooze (D:3)
  3 worms
  A dart slug (D:2)
  A leopard gecko (D:2)
  11 orcs (D:3)
  5 giant cockroaches
  9 goblins
  4 hobgoblins
  4 jackals (D:2)
  A quokka (D:3)
  9 bats
  5 frilled lizards
  7 kobolds
  12 rats
81 creatures vanquished.

Notes
Turn   | Place    | Note
-------+----------+-------------------------------------------
     0 | D:1      | KleinerIrrer the Octopode Transmuter began the quest for the Orb.
     0 | D:1      | Reached XP level 1. HP: 13/13 MP: 3/3
   566 | D:1      | Reached XP level 2. HP: 17/18 MP: 5/5
   573 | D:1      | Learned a level 2 spell: Sticks to Snakes
  1093 | D:2      | Reached XP level 3. HP: 12/23 MP: 6/6
  1394 | D:2      | HP: 1/23 [worm (11)]
  1818 | D:2      | Reached XP level 4. HP: 16/28 MP: 7/7
  2393 | D:3      | Reached skill level 3 in Dodging
  2756 | D:3      | Reached XP level 5. HP: 25/33 MP: 8/8
  2786 | D:3      | Learned a level 4 spell: Ice Form
  3109 | D:3      | Reached skill level 4 in Dodging
  3706 | D:4      | Noticed an ogre
  3716 | D:4      | Killed an ogre
  3716 | D:4      | Reached skill level 5 in Dodging
  3716 | D:4      | Reached XP level 6. HP: 8/38 MP: 9/9
  3716 | D:4      | HP: 1/38 [orc/whip (7)]
  3718 | D:4      | Slain by an orc

Skill      XL: |  1  2  3  4  5 |
---------------+----------------+-----
Unarmed Combat | 4 |  4.6
Dodging        | 3 5 |  5.3
Fighting       | |  1.0
Spellcasting   | |  2.0
Transmutations | |  2.0

Action                   |  1- 3 |  4- 6 || total
-------------------------+-------+-------++-------
Melee: Unarmed           |    75 |     4 ||    79
       Constrict         |    19 |    31 ||    50
       Tentacles         |    10 |    19 ||    29
       Kick              |     2 |     1 ||     3
       Short sword       |       |   117 ||   117
       Punch             |       |     6 ||     6
 Cast: Beastly Appendage |     4 |     1 ||     5
  Use: Scroll            |     2 |     2 ||     4
       Potion            |     1 |     3 ||     4
 Stab: Sleeping          |     4 |    11 ||    15
       Distracted        |       |     1 ||     1
  Eat: Chunk             |     3 |     6 ||     9
Armor: Skin              |     6 |    10 ||    16
Dodge: Dodged            |    43 |    54 ||    97
